 Dungeon Crawl Stone Soup version 0.30-a0-1116-gebefce21f7 (webtiles) character file.

Game seed: 3893094815285634287

13433 Orangeyouglad the Orthodox (level 12, -7/93 HPs)
             Began as a Human Ice Elementalist on Apr 20, 2023.
             Was an Elder of Zin.
             Killed from afar by a manticore (18 damage)
             ... with a volley of spikes
             ... on level 3 of the Lair of Beasts on Apr 21, 2023.
             The game lasted 00:47:31 (17068 turns).

Orangeyouglad the Orthodox (HuIE)                  Turns: 17068, Time: 00:47:31

Health: -7/93      AC: 11    Str: 17    XL:     12   Next: 32%
Magic:  6/18       EV: 13    Int: 22    God:    Zin [****..]
Gold:   403        SH: 11    Dex: 19    Spells: 8/19 levels left

rFire   . . .      SeeInvis .    b - +1 trident (venom)
rCold   + . .      Faith    +    G - +0 kite shield
rNeg    + . .      Spirit   .    o - +1 ring mail "Iqeeloj" {rC+ Dex+3}
rPois   ∞          Reflect  .    L - +0 helmet
rElec   .          Rampage  .    (no cloak)
rCorr   .                        j - +2 pair of gloves {Str+3}
Will    .....                    (no boots)
Stlth   ++                       y - amulet of faith
HPRegen 0.35/turn                f - ring of positive energy
MPRegen 0.16/turn                (no ring)

@: vitalised, spiked, very slightly contaminated
A: no striking features
a: Renounce Religion, Recite, Vitalisation, Imprison, Donate Gold


You were on level 3 of the Lair of Beasts.
You worshipped Zin.
Zin was greatly pleased with you.
You visited 3 branches of the dungeon, and saw 14 of its levels.

You collected 567 gold pieces.
You donated 164 gold pieces to Zin.

Inventory:

Hand Weapons
 b - a +1 trident of venom (weapon)
 B - a +2 spear of flaming
 M - a +4 antimagic spear
Missiles
 l - 3 atropa-tipped darts
 s - 6 boomerangs of dispersal
 t - 6 throwing nets
 C - 27 poisoned darts
 O - 2 javelins
Armour
 g - a +0 leather armour of willpower
 j - a +2 pair of gloves of strength (worn)
 o - the +1 ring mail "Iqeeloj" (worn) {rC+ Dex+3}
   (You found it on level 2 of the Dungeon)

   Dex:       It affects your dexterity (+3).
   rC:        It protects you from cold.
 G - a +0 kite shield (worn)
 L - a +0 helmet (worn)
Jewellery
 f - a ring of positive energy (left hand)
 y - an amulet of faith (around neck)
Wands
 H - a wand of paralysis (2)
Scrolls
 h - 2 scrolls of identify
 k - 3 scrolls of immolation
 m - 2 scrolls of fear {unknown}
 n - 3 scrolls of blinking {unknown}
 q - a scroll of brand weapon
 v - 2 scrolls of vulnerability {unknown}
 w - a scroll of poison
 x - 2 scrolls of amnesia {unknown}
 z - 2 scrolls of enchant armour
 A - 2 scrolls of enchant weapon
 D - 3 scrolls of silence
 E - 2 scrolls of magic mapping
 F - 5 scrolls of teleportation
 J - a scroll of butterflies {unknown}
 K - 3 scrolls of fog
 N - a scroll of noise {unknown}
Potions
 a - a potion of invisibility {unknown}
 c - 3 potions of might
 d - 3 potions of attraction {unknown}
 e - a potion of berserk rage {unknown}
 i - 2 potions of lignification {unknown}
 p - 3 potions of flight
 r - 5 potions of mutation {unknown}
 u - 6 potions of curing
 I - 3 potions of haste {unknown}
 P - a potion of magic


   Skills:
 + Level 8.3 Fighting
 + Level 6.6 Polearms
 + Level 0.0 Throwing
 + Level 4.0 Armour
 + Level 6.2 Dodging
 - Level 4.0 Stealth
 - Level 6.0 Shields
 - Level 4.0 Spellcasting
 - Level 5.0 Summonings
 - Level 8.0 Ice Magic
 - Level 8.5 Invocations


You had 8 spell levels left.
You knew the following spells:

 Your Spells              Type           Power      Damage    Failure   Level
a - Freeze                Ice            100%       1d10      1%          1
b - Frozen Ramparts       Ice            78%        1d12      6%          3
c - Ozocubu's Armour      Ice            39%        N/A       6%          3
d - Summon Ice Beast      Ice/Summ       33%        N/A       36%         4

Your spell library contained the following spells:

 Spells                   Type           Power      Damage    Failure   Level
 Sublimation of Blood     Necr           4%         N/A       63%         2
 Ignite Poison            Fire/Tmut/Pois 4%         N/A       85%         3
 Metabolic Englaciation   Hex/Ice        11%        N/A       96%         5
 Petrify                  Tmut/Erth      4%         N/A       99%         4
 Sticky Flame             Conj/Fire      4%         2d3       99%         4
 Irradiate                Conj/Tmut      2%         3d12      100%        5
 Statue Form              Tmut/Erth      2%         N/A       100%        6
 Ozocubu's Refrigeration  Ice            19%        4d11      100%        7
 Ignition                 Fire           2%         3d3       100%        8


Dungeon Overview and Level Annotations

Branches:
Dungeon (10/15)            Temple (1/1) D:4            Lair (3/5) D:9
 Shoals (0/4) Lair:3       Spider (0/4) Lair:2
    Orc: D:9-12

Altars:
Ashenzari
Cheibriados
Dithmenos
Elyvilon
Fedhas
Gozag
Hepliaklqana
Kikubaaqudgha
Makhleb
Nemelex Xobeh
Okawaru
Qazlal
Ru
Sif Muna
Trog
Uskayaw
Vehumet
Wu Jian
Xom
Yredelemnul
Zin
The Shining One

Annotations:
D:6 2 transporters
D:7 1 runed translucent door, superbruh's ghost, novice MiCK
D:10 Erolcha; Josephine


Message History

Okay, then.
Casting: Ozocubu's Armour (mildly dangerous; 6% risk of failure)
Confirm with . or Enter, or press ? or * to list all spells.
You miscast Summon Ice Beast.
You are very lightly contaminated with residual magic.
Nothing appears to happen.
The wind drake flaps its wings at you. The air twists around and strikes you!!
Casting: Summon Ice Beast (dangerous; 36% risk of failure)
Confirm with . or Enter, or press ? or * to list all spells.
A chill wind blows around you.
Okay, then.
Casting: Summon Ice Beast (dangerous; 36% risk of failure)
Confirm with . or Enter, or press ? or * to list all spells.
A film of ice covers your body!
You carefully extract the barbed spikes from your body.
The wind drake exhales a fierce blast of wind!
Your icy armour cracks and falls away as you move.
You are knocked back by the gust of wind.
The wind drake flaps its wings at you. The air twists around and strikes you!!
You hear a croak.
Your ice beast closely misses the wind drake.
The manticore flicks its tail.
The volley of spikes hits you.
The barbed spikes become lodged in your body.
The wind drake flaps its wings at you. The air twists around and strikes you!!
* * * LOW HITPOINT WARNING * * *
Your ice beast misses the wind drake.
The barbs in your skin will harm you if you move.
Continue?
The barbed spikes dig painfully into your body as you move.
* * * LOW HITPOINT WARNING * * *
The manticore flicks its tail.
The volley of spikes hits you but does no damage.
There is a stone staircase leading up here.
The manticore flicks its tail.
The volley of spikes hits you!!
The barbed spikes become lodged in your body.
You die...

## ### #. ###.##
##.####P.#.#####
##....#.......#P#
#........#......####
.###.........#...†...####
.......H........#.....#.#
......Y.......###.......#####
#.>....k....@...####.......#.
#......##.......# ####......
#....P. ##......# #......
..#.#P..##.#...## ####.#.
...P........#P## ####
............### ####
.....~~P...P# #..#####
.~≈~~....# ##.....###
~≈≈≈~..... #........###


You could see a wind drake (repels missiles, ally target), a manticore and a
friendly ice beast (summoned).

Vanquished Creatures
  3 two-headed ogres (D:9)
  3 cane toads
  3 rime drakes
  3 komodo dragons
  A meliai (Lair:2)
  A polar bear (Lair:1)
  3 hornets
  Prince Ribbit (D:6)
  3 blink frogs (Lair:1)
  A shadow (D:9)
  5 yaks
  3 wyverns
  3 wraiths (D:9)
  3 basilisks
  Grum (D:8)
  A steam dragon (D:9)
  6 water moccasins
  4 orc warriors
  An ogre (D:6)
  A sky beast (D:6)
  A black bear (D:6)
  3 ice beasts
  8 wolves
  A centaur (D:8)
  A phantom (D:4)
  4 kobold brigands
  10 bullfrogs
  2 scorpions (D:5)
  6 wights
  2 killer bees (Lair:2)
  3 howler monkeys
  A gnoll bouda (D:4)
  3 jellies
  3 orc priests
  4 hounds
  A sleepcap (D:6)
  5 iguanas
  11 orc wizards
  4 gnolls
  7 adders
  A white imp (D:7)
  2 ufetubi
  3 worms
  4 dart slugs
  39 orcs
  2 endoplasms (D:3)
  A giant cockroach (D:1)
  8 goblins
  5 hobgoblins (D:2)
  4 quokkas
  3 ball pythons (D:1)
  5 bats
  A frilled lizard (D:2)
  16 kobolds
  8 rats
232 creatures vanquished.

Vanquished Creatures (collateral kills)
  A cane toad (Lair:3)
1 creature vanquished.

Vanquished Creatures (others)
  4 fungi (Lair:1)
  18 plants
22 creatures vanquished.

Grand Total: 255 creatures vanquished

Notes
Turn   | Place    | Note
-------+----------+-------------------------------------------
     0 | D:1      | Orangeyouglad the Human Ice Elementalist began the quest
                  | for the Orb.
     0 | D:1      | Reached XP level 1. HP: 13/13 MP: 3/3
   253 | D:1      | Reached XP level 2. HP: 18/19 MP: 1/5
   890 | D:2      | Reached XP level 3. HP: 20/24 MP: 4/6
   992 | D:2      | Learned a level 3 spell: Frozen Ramparts
  1191 | D:2      | Identified the +1 ring mail "Iqeeloj" {rC+ Dex+3}
  1268 | D:2      | Reached XP level 4. HP: 30/30 MP: 2/7
  1794 | D:2      | Learned a level 3 spell: Ozocubu's Armour
  1917 | D:3      | Found a shadowy altar of Dithmenos.
  2227 | D:3      | Reached XP level 5. HP: 27/35 MP: 0/9
  2733 | D:4      | Reached XP level 6. HP: 37/41 MP: 4/10
  2875 | D:4      | Reached skill level 5 in Ice Magic
  3557 | D:4      | Found a staircase to the Ecumenical Temple.
  3661 | D:4      | Reached XP level 7. HP: 40/46 MP: 12/12
  3704 | Temple   | Entered the Ecumenical Temple
  3899 | Temple   | Became a worshipper of the Shining One
  3946 | D:5      | Entered Level 5 of the Dungeon
  4011 | Temple   | Fell from the grace of the Shining One
  4011 | Temple   | Became a worshipper of Zin the Law-Giver
  4011 | Temple   | Reached * piety under Zin
  4087 | D:5      | Reached skill level 1 in Fighting
  4174 | D:5      | Found a snail-covered altar of Cheibriados.
  4939 | D:5      | Reached skill level 1 in Invocations
  5211 | D:6      | Found a transporter.
  5241 | D:6      | Reached XP level 8. HP: 56/56 MP: 10/14
  5652 | D:6      | Donated 108 gold pieces to Zin
  5756 | D:6      | Reached skill level 5 in Dodging
  5834 | D:6      | Found a transporter.
  5993 | D:6      | Learned a level 4 spell: Summon Ice Beast
  6206 | D:6      | Noticed Prince Ribbit
  6237 | D:6      | Killed Prince Ribbit
  6238 | D:6      | Reached XP level 9. HP: 65/65 MP: 8/15
  6821 | D:7      | Reached skill level 1 in Shields
  7148 | D:7      | Reached skill level 1 in Armour
  7293 | D:7      | Reached ** piety under Zin
  7736 | D:7      | Found a runed translucent door.
  7739 | D:7      | Noticed superbruh's ghost (novice MiCK)
  7884 | D:7      | Reached skill level 1 in Polearms
  7884 | D:7      | Reached skill level 1 in Summonings
  8570 | D:8      | Reached skill level 5 in Fighting
  8570 | D:8      | Reached skill level 5 in Invocations
  8570 | D:8      | Noticed Grum
  8788 | D:8      | Reached XP level 10. HP: 67/74 MP: 10/16
  9104 | D:8      | Reached *** piety under Zin
  9241 | D:8      | Killed Grum
  9393 | D:8      | Found a blossoming altar of Fedhas.
  9418 | D:8      | Upgraded the game from 0.30-a0-1114-gd936c97349 to
                  | 0.30-a0-1116-gebefce21f7
 10057 | D:8      | Noticed a +0 hand axe
 10058 | D:8      | Noticed a +0 dagger
 10060 | D:8      | Found a hide-covered altar of Uskayaw.
 10302 | D:8      | Found a hazy altar of Hepliaklqana.
 10302 | D:8      | Found a basalt altar of Yredelemnul.
 10605 | D:9      | Noticed a death yak
 10839 | D:9      | Noticed a two-headed ogre
 11061 | D:9      | Noticed a two-headed ogre
 11073 | D:9      | Noticed a two-headed ogre
 11083 | D:9      | Killed a two-headed ogre
 11084 | D:9      | Killed a two-headed ogre
 11120 | D:9      | Reached XP level 11. HP: 15/83 MP: 6/17
 11538 | D:9      | Killed a two-headed ogre
 11539 | D:9      | Reached skill level 5 in Shields
 11906 | D:9      | Reached skill level 5 in Summonings
 11910 | D:9      | Reached skill level 5 in Polearms
 12430 | D:9      | Found a staircase to the Lair.
 12446 | D:9      | Noticed a death yak
 12447 | D:9      | Noticed a death yak
 12826 | D:10     | Entered Level 10 of the Dungeon
 12847 | D:10     | Noticed Erolcha
 12885 | D:10     | Noticed Josephine
 13261 | Lair:1   | Entered Level 1 of the Lair of Beasts
 15333 | Lair:2   | Reached XP level 12. HP: 72/92 MP: 11/18
 15476 | Lair:2   | You fall into a shaft and drop 1 floor!
 15642 | Lair:2   | Found a hole to the Spider Nest.
 16017 | Lair:2   | Reached **** piety under Zin
 17057 | Lair:3   | Found a staircase to the Shoals.
 17068 | Lair:3   | Killed from afar by a manticore

Illustrated notes

Levels and vault maps discovered:
D:1:      co_arrival_hall_of_pillars, layout_basic
D:2:      layout_basic
D:3:      layout_rooms, nicolae_dithmenos_shadow_blocks
D:4:      layout_rooms, minmay_temple_entry_enclosed_plants
D:5:      layout_basic, overflow_temple_1_default, lexackson_kobold_supper
D:6:      gammafunk_steamed_eel, layout_loops_ring, uniq_prince_ribbit1
D:7:      layout_loops_ring, hellmonk_ghost_happy_afterlife,
          kennysheep_generic_room_7
D:8:      layout_basic, dancing_weapons_uskayaw, fedhas_bush_and_centaur_altar,
          gammafunk_temple_overflow_elements, grunt_tough_drop, uniq_grum
D:9:      layout_cave_pools, dpeg_lair_monsters
D:10:     minmay_evil_eye, layout_irregular_city, serial_column_ruins,
          column_ruins_columns_corner, column_ruins_grid_1,
          column_ruins_columns_straight, column_ruins_grid_3, serial_shops,
          shop, uniq_josephine, uniq_erolcha
Temple:   nicolae_temple_bog_church
Lair:1:   beast_lair_carwin_large_3, layout_cellular_growth, grunt_megastairs_2,
          infiniplex_staircase_pool_2, lemuel_fruit_tree
Lair:2:   layout_gridlike, hellmonk_spider_entry_not_the_bees,
          guppyfry_lair_drakes
Lair:3:   layout_cave_pods, minmay_shoals_entry_beasts, fungi_pond_lemuel

Skill      XL: |  1  2  3  4  5  6  7  8  9 10 11 12 |
---------------+-------------------------------------+-----
Stealth        | 3 4 |  4.0
Dodging        | 3 4 5 6 |  6.2
Spellcasting   | 3 4 |  4.0
Ice Magic      | 5 6 7 8 |  8.0
Fighting       | 2 3 5 6 7 8 |  8.3
Invocations    | 1 3 5 6 8 |  8.5
Shields        | 2 4 6 |  6.0
Armour         | 1 3 4 |  4.0
Polearms       | 2 4 6 |  6.6
Summonings     | 2 4 5 |  5.0

Action                     |  1- 3 |  4- 6 |  7- 9 | 10-12 || total
---------------------------+-------+-------+-------+-------++-------
  Melee: Spear             |    30 |     8 |   238 |   201 ||   477
         Dagger            |       |    56 |       |       ||    56
         Punch             |       |     1 |     1 |       ||     2
         Trident           |       |       |       |   182 ||   182
  Throw: Dart              |       |       |       |     5 ||     5
         Javelin           |       |       |       |     1 ||     1
   Cast: Freeze            |    47 |    37 |    24 |    51 ||   159
         Frozen Ramparts   |     2 |     7 |    43 |    34 ||    86
         Ozocubu's Armour  |       |     4 |    18 |    33 ||    55
         Summon Ice Beast  |       |       |       |     3 ||     3
 Invoke: Recite            |       |       |     6 |    16 ||    22
         Donate Gold       |       |       |     1 |       ||     1
         Vitalisation      |       |       |     1 |     4 ||     5
  Evoke: Wand              |       |       |     3 |     9 ||    12
    Use: Potion            |       |     1 |       |     9 ||    10
         Scroll            |       |       |       |    14 ||    14
   Stab: Sleeping          |       |     2 |     3 |     2 ||     7
         Distracted        |       |       |     1 |     1 ||     2
         Confused          |       |       |       |     3 ||     3
 Armour: Robe              |     1 |       |       |       ||     1
         Leather armour    |    21 |    32 |   101 |    28 ||   182
         Ring mail         |       |       |       |   103 ||   103
  Dodge: Dodged            |    36 |    62 |   201 |   237 ||   536
  Block: Kite shield       |       |       |    70 |   240 ||   310

Table legend: (Time is in decaauts)
 A = Elapsed time spent in this place.
 B = Non-inter-level travel time spent in this place.
 C = Inter-level travel time spent in this place.
 D = Time resting spent in this place.
 E = Time spent auto-exploring this place.
 F = Levels seen in this place.
 G = Mean time per level.
                   A        B        C        D        E       F      G
               +--------+--------+--------+--------+--------+-----+--------+
         Total |  17256 |  16189 |   1067 |   3969 |   8245 |  14 | 1232.6 |
       Dungeon |  13160 |  12217 |    943 |   2816 |   6309 |  10 | 1316.0 |
        Temple |    247 |    236 |     11 |      0 |    169 |   1 |  247.0 |
          Lair |   3849 |   3736 |    113 |   1153 |   1767 |   3 | 1283.0 |
               +--------+--------+--------+--------+--------+-----+--------+

Top non-repeatable levels by time:
     D:8: 2541 daAuts
     D:7: 2246 daAuts
  Lair:1: 1885 daAuts
     D:9: 1747 daAuts
     D:6: 1538 daAuts
  Lair:2: 1532 daAuts
     D:5: 1156 daAuts
     D:4: 1116 daAuts
     D:2: 959 daAuts
     D:3: 876 daAuts
     D:1: 873 daAuts
  Lair:3: 430 daAuts
  Temple: 247 daAuts
    D:10: 105 daAuts
